[Event "22nd OIBM 2018"]
[Site "Gmund am Tegernsee"]
[Date "2018.11.01"]
[Round "6"]
[White "Colpe, Malte"]
[Black "Konik, Michael"]
[Result "1/2-1/2"]
[ECO "B01"]
[WhiteElo "2379"]
[BlackElo "2083"]
[Annotator "NA"]
[PlyCount "81"]
[EventDate "2018.10.27"]
[EventType "swiss"]
[EventCountry "GER"]
[SourceTitle "playchess.com"]
[Source "ChessBase"]
[SourceQuality "1"]
[TimeControl "40/5400+30:1800+30"]

1. e4 d5 2. exd5 Qxd5 3. Nc3 Qa5 4. d4 Nf6 5. Bc4 c6 6. Bd2 Bf5 7. Nd5 Qd8 8. Nxf6+ gxf6 9. Nf3 {[%emt 0:00:51] B01: Scandinavian Defence} Rg8 (9... e6 10. O-O Nd7 11. Re1 Nb6 12. Bf1 Bg7 13. Nh4 Bg6 14. c3 O-O 15. g3 Rc8 16. a4 Re8 17. Qb3 Rc7 18. Bg2 Rd7 19. a5 Nd5 20. c4 Ne7 {½-½ (20) Gharamian,T (2660)-Bauer,C (2625) Germany 2016}) 10. c3 Qd6 $146 ({Predecessor:} 10... e6 11. Qe2 Nd7 12. Nh4 Bg4 13. f3 f5 14. g3 Bh3 15. O-O-O Qf6 16. d5 cxd5 17. Bxd5 {0-1 (49) Jonsson,K (2228)-Hess,H (2335) ICCF email 2009}) 11. Qb3 Be6 12. Qxb7 Bxc4 13. Qxa8 Qc7 14. d5 Bxd5 15. Be3 Rxg2 16. Bxa7 Bxf3 17. Qxb8+ Qxb8 18. Bxb8 Rg4 19. Rf1 e5 20. Kd2 Bh6+ 21. Kd3 Bf4 22. Ba7 Bxh2 23. b3 f5 24. a4 Rg6 25. Bc5 Kd7 26. a5 Kc8 27. a6 Kb8 28. a7+ Ka8 29. Ke3 e4 30. b4 Be5 31. Rg1 Bxc3 32. Rxg6 fxg6 33. Ra6 g5 34. Bd6 f4+ 35. Bxf4 gxf4+ 36. Kxf4 Bxb4 ({Better is} 36... Bd2+ $17 37. Kg3 h5 38. Rxc6 Kxa7) 37. Rxc6 {[%emt 0:00:42] [#]} Kxa7 (37... h5 $1 $17 38. Rc4 Bd6+ 39. Kg5 Kxa7) 38. Rc7+ (38. Re6 $11 {remains equal.}) 38... Kb6 39. Rxh7 Bd6+ 40. Kf5 Bc5 41. Rh4 $11 1/2-1/2

[Event "22nd OIBM 2018"]
[Site "Gmund am Tegernsee"]
[Date "2018.11.01"]
[Round "6"]
[White "Forchert, Martin"]
[Black "Baeuml, Ulrich"]
[Result "1-0"]
[ECO "C06"]
[WhiteElo "2363"]
[BlackElo "2088"]
[Annotator "NA"]
[PlyCount "74"]
[EventDate "2018.10.27"]
[EventType "swiss"]
[EventCountry "GER"]
[SourceTitle "playchess.com"]
[Source "ChessBase"]
[SourceQuality "1"]
[TimeControl "40/5400+30:1800+30"]

1. e4 e6 2. d4 d5 3. Nd2 Nf6 4. e5 Nfd7 5. Bd3 c5 6. c3 Nc6 7. Ne2 cxd4 8. cxd4 f6 9. exf6 Nxf6 10. Nf3 Qc7 11. O-O Bd6 12. h3 O-O 13. Be3 Bd7 14. Rc1 Rae8 15. Nc3 {[%emt 0:06:48] C06: French Tarrasch: 3...Nf6 4 e5 Nfd7 5 Bd3 main lines} Qb8 16. Nb5 $146 ({Predecessor:} 16. Bb1 Re7 17. Nb5 Bf4 18. Re1 Be8 19. Qd2 Ne4 20. Bxe4 dxe4 21. Bxf4 Qxf4 22. Qxf4 Rxf4 {½-½ (35) Oll,L (2405)-Ivanchuk,V (2390) Tallinn 1986}) 16... Bf4 17. Qd2 Ne4 18. Bxe4 dxe4 19. Bxf4 Qxf4 20. Qxf4 Rxf4 21. Nd2 Ref8 22. g3 R4f5 23. Nd6 Rd5 24. N2xe4 Nxd4 25. Rc7 Nf3+ 26. Kg2 Nd2 27. Nxd2 Rxd6 28. Nc4 Bc6+ 29. f3 Rd5 30. b3 Rdf5 31. Nd2 Ra5 32. a4 Rc5 $15 33. Re7 Bd5 34. Rf2 Rc3 35. h4 h6 36. g4 Rd8 37. Ne4 Rcc8 1-0

[Event "22nd OIBM 2018"]
[Site "Gmund am Tegernsee"]
[Date "2018.11.01"]
[Round "6"]
[White "Fischer, Daniel"]
[Black "Bajorski, Marius"]
[Result "1-0"]
[ECO "C54"]
[WhiteElo "2336"]
[BlackElo "2083"]
[Annotator "NA"]
[PlyCount "59"]
[EventDate "2018.10.27"]
[EventType "swiss"]
[EventCountry "GER"]
[SourceTitle "playchess.com"]
[Source "ChessBase"]
[SourceQuality "1"]
[TimeControl "40/5400+30:1800+30"]

1. e4 {[%emt 0:00:00] Stohl,I} e5 2. Nf3 Nc6 3. Bc4 Bc5 4. c3 Nf6 5. d3 a6 6. a4 {[%emt 0:00:24] C54: Italienische Partie (Hauptvariante)} d6 7. O-O Ba7 8. Nbd2 h6 9. Re1 O-O 10. h3 Be6 11. Bxe6 fxe6 12. Nf1 Qd7 $146 ({Vorgänger:} 12... Nh5 13. Be3 a5 14. Bxa7 Rxa7 15. d4 Qf6 {0-1 (45) Ding,L (2777)-Giri,A (2772) Wenzhou 2017 CBM 180 [Stohl,I]}) 13. Be3 Kh7 14. Bxa7 Nxa7 15. d4 Nc6 16. a5 Rad8 17. Ng3 Rf7 18. Qb3 Qc8 19. Qc2 Kg8 20. b4 exd4 21. Nxd4 e5 22. Nxc6 bxc6 23. Qb3 Qb7 24. c4 $14 Nd7 25. Rab1 Nf8 26. Nf5 Rb8 27. c5 dxc5 28. Ne7+ Kh8 29. Qxf7 Qxb4 30. Qg8# 1-0

[Event "22nd OIBM 2018"]
[Site "Gmund am Tegernsee"]
[Date "2018.11.01"]
[Round "6"]
[White "Schuster, Karsten"]
[Black "Bohnhoff, Peter"]
[Result "1-0"]
[ECO "A88"]
[WhiteElo "2283"]
[BlackElo "2065"]
[Annotator "ChessBase"]
[PlyCount "71"]
[EventDate "2018.10.27"]
[EventType "swiss"]
[EventCountry "GER"]
[SourceTitle "playchess.com"]
[Source "ChessBase"]
[SourceQuality "1"]
[TimeControl "40/5400+30:1800+30"]

1. d4 f5 2. c4 Nf6 3. g3 g6 4. Bg2 Bg7 5. Nf3 d6 6. O-O O-O 7. Nc3 c6 8. b3 Na6 9. Bb2 Qc7 10. Re1 e5 11. dxe5 dxe5 12. e4 Nc5 13. exf5 e4 14. Ng5 gxf5 15. Bf1 h6 16. Nh3 Be6 17. Nf4 Rad8 18. Qc2 Bc8 19. Ba3 b6 20. Rad1 Rfe8 21. Bh3 Ne6 22. Nxe6 Bxe6 23. Ne2 c5 24. Nf4 Bc8 25. Bb2 Qf7 26. Rxd8 Rxd8 27. Rd1 Rxd1+ 28. Qxd1 Qd7 29. Qa1 Qf7 30. Be5 Nh7 31. Nd5 Ng5 32. Bg2 Bb7 33. h4 Ne6 34. Nf6+ Kf8 35. Bh3 Nd4 36. Bd6+ 1-0

[Event "22nd OIBM 2018"]
[Site "Gmund am Tegernsee"]
[Date "2018.11.01"]
[Round "6"]
[White "Zeier, Klaus"]
[Black "Staudacher, Thomas"]
[Result "1-0"]
[ECO "B51"]
[WhiteElo "2228"]
[BlackElo "2004"]
[Annotator "NA"]
[PlyCount "61"]
[EventDate "2018.10.27"]
[EventType "swiss"]
[EventCountry "GER"]
[SourceTitle "playchess.com"]
[Source "ChessBase"]
[SourceQuality "1"]
[TimeControl "40/5400+30:1800+30"]

1. e4 c5 2. Nf3 d6 3. Bb5+ Nd7 4. d4 a6 5. Bxd7+ Bxd7 6. c4 cxd4 7. Qxd4 e5 8. Qd3 h6 9. Nc3 Nf6 10. O-O Be7 11. b3 Rc8 12. Rd1 O-O 13. a4 Be6 14. h3 Qc7 15. Be3 b6 16. Nh4 Rfd8 17. Nf5 Bxf5 18. exf5 Qc6 19. Rac1 Kf8 20. Qe2 Qb7 21. Nd5 Nxd5 22. Rxd5 Bf6 23. Rcd1 Ke7 24. Bd2 Rc5 25. Rd3 a5 26. Bc1 e4 27. Ba3 Be5 28. R3d2 Rcc8 29. Rd5 Kf6 30. Qxe4 Re8 31. Rxd6+ 1-0

[Event "22nd OIBM 2018"]
[Site "Gmund am Tegernsee"]
[Date "2018.11.01"]
[Round "6"]
[White "Pieper, Thomas"]
[Black "Noack, Mario"]
[Result "1-0"]
[ECO "B19"]
[WhiteElo "2213"]
[BlackElo "1949"]
[Annotator "NA"]
[PlyCount "77"]
[EventDate "2018.10.27"]
[EventType "swiss"]
[EventCountry "GER"]
[SourceTitle "playchess.com"]
[Source "ChessBase"]
[SourceQuality "1"]
[TimeControl "40/5400+30:1800+30"]

1. e4 c6 2. d4 d5 3. Nc3 dxe4 4. Nxe4 Bf5 5. Ng3 Bg6 6. h4 h6 7. Nf3 Nd7 8. h5 Bh7 9. Bd3 Bxd3 10. Qxd3 e6 11. Qe2 Qc7 12. Bd2 Ngf6 13. O-O-O O-O-O 14. Ne5 Nb6 15. c4 c5 {[%emt 0:13:12] B19: Classical Caro-Kann: 4...Bf5 main line} (15... Rxd4 16. Be3 Rxd1+ 17. Rxd1 Rg8 18. f4 Kb8 19. Qd3 Nc8 20. Qd8 Bd6 21. Qxc7+ Bxc7 22. Nxf7 Ng4 23. Bd2 Rf8 24. Ne5 Nxe5 25. fxe5 Bxe5 {0-1 (40) Petrosian,T (2568)-Khalifman,A (2662) Moscow 2005 CBM 106 [Lukacs,P]}) 16. Bf4 Bd6 17. dxc5 Qxc5 18. Kb1 Bxe5 19. Bxe5 Rxd1+ 20. Rxd1 Rd8 21. Rxd8+ Kxd8 22. b3 $146 ({Predecessor:} 22. Bxf6+ gxf6 23. Qd2+ Nd7 24. Ne4 Qxc4 25. Nxf6 Qf1+ 26. Kc2 Qc4+ 27. Kb1 {½-½ (28) Alavkin,A (2493)-Vorontsov,N (2300) Nabereznye Chelny 2007}) 22... Nbd7 23. Bb2 Nxh5 24. Nxh5 g6 25. Ng3 h5 26. a3 h4 27. Ne4 Qf5 28. Ka2 Ke7 $18 29. Qd3 Qf4 30. g3 hxg3 31. fxg3 Qc7 32. Qd4 e5 33. Qxa7 f5 34. Nc3 Qc6 35. Nd5+ Ke6 36. Qa8 Nf6 37. Qh8 Kf7 38. Qd8 b5 39. Qe7+ 1-0

[Event "22nd OIBM 2018"]
[Site "Gmund am Tegernsee"]
[Date "2018.11.01"]
[Round "6"]
[White "Gohla, Ulf"]
[Black "Meins, Gerlef"]
[Result "1/2-1/2"]
[ECO "E38"]
[WhiteElo "2158"]
[BlackElo "2408"]
[Annotator "ChessBase"]
[PlyCount "59"]
[EventDate "2018.10.27"]
[EventType "swiss"]
[EventCountry "GER"]
[SourceTitle "playchess.com"]
[Source "ChessBase"]
[SourceQuality "1"]
[TimeControl "40/5400+30:1800+30"]

1. d4 Nf6 2. c4 e6 3. Nc3 Bb4 4. Qc2 c5 5. dxc5 Na6 6. a3 Bxc3+ 7. Qxc3 Nxc5 8. b4 Nce4 9. Qd4 d5 10. c5 b6 11. f3 bxc5 12. bxc5 Qa5+ 13. Qb4 Qxb4+ 14. axb4 Nc3 15. e3 e5 16. Bb2 d4 17. Bxc3 dxc3 18. Bb5+ Ke7 19. Ne2 a6 20. Nxc3 Rb8 21. Bxa6 Rxb4 22. Be2 Bb7 23. Kf2 Rc8 24. Rhb1 Rxb1 25. Rxb1 Bc6 26. Bb5 Nd7 27. Na4 Rb8 28. Nb6 Bxb5 29. Rxb5 Ke6 30. e4 1/2-1/2

[Event "22nd OIBM 2018"]
[Site "Gmund am Tegernsee"]
[Date "2018.11.01"]
[Round "6"]
[White "Schatz, Christian"]
[Black "Zajogin, Alexander"]
[Result "0-1"]
[ECO "A05"]
[WhiteElo "2153"]
[BlackElo "2408"]
[Annotator "ChessBase"]
[PlyCount "86"]
[EventDate "2018.10.27"]
[EventType "swiss"]
[EventCountry "GER"]
[SourceTitle "playchess.com"]
[Source "ChessBase"]
[SourceQuality "1"]
[TimeControl "40/5400+30:1800+30"]

1. Nf3 Nf6 2. d4 e6 3. g3 b5 4. a4 b4 5. c4 c5 6. Bg2 d5 7. O-O cxd4 8. Nxd4 Be7 9. Bf4 Bb7 10. Nb5 Na6 11. Nd2 O-O 12. Rc1 Nc5 13. Be3 a6 14. cxd5 axb5 15. Bxc5 Bxc5 16. Rxc5 bxa4 17. Rb5 Qd7 18. Rxb4 Nxd5 19. Rh4 Qb5 20. Qb1 h6 21. Ne4 Rfd8 22. e3 f5 23. Nc3 Nxc3 24. bxc3 Qxb1 25. Rxb1 Bxg2 26. Kxg2 a3 27. Rhb4 a2 28. Ra1 Rd2 29. e4 Ra3 30. exf5 exf5 31. Rd4 Rxd4 32. cxd4 Kf7 33. Kf1 Ke6 34. Ke2 Kd5 35. Kd2 Kc4 36. Kc2 Rf3 37. Rf1 Rxf2+ 38. Rxf2 a1=Q 39. Rd2 Qa4+ 40. Kb2 Qb3+ 41. Kc1 Kc3 42. Rf2 Kxd4 43. Kd2 Ke5 0-1

[Event "22nd OIBM 2018"]
[Site "Gmund am Tegernsee"]
[Date "2018.11.01"]
[Round "6"]
[White "Kick, Joachim"]
[Black "Stark, Lars"]
[Result "0-1"]
[ECO "A17"]
[WhiteElo "2070"]
[BlackElo "2374"]
[Annotator "NA"]
[PlyCount "58"]
[EventDate "2018.10.27"]
[EventType "swiss"]
[EventCountry "GER"]
[SourceTitle "playchess.com"]
[Source "ChessBase"]
[SourceQuality "1"]
[TimeControl "40/5400+30:1800+30"]

1. Nf3 Nf6 2. c4 e6 3. Nc3 Bb4 4. Qc2 c5 5. a3 Ba5 6. g3 Nc6 7. Bg2 O-O 8. O-O d6 9. e3 {[%emt 0:01:44] A17: English Opening: 1...Nf6 with ...Bb4} e5 10. b3 (10. Nd5 h6 11. Rb1 Nxd5 12. cxd5 Ne7 13. b4 cxb4 14. axb4 Bb6 15. Qb3 Bg4 16. d3 f5 {0-1 (29) Shchekachev,A (2540)-Rodshtein,M (2678) Brest 2018}) 10... h6 11. d4 $146 ({Predecessor:} 11. Bb2 Bg4 12. Nh4 Qd7 13. f4 Bxc3 14. Bxc3 Rfe8 15. e4 Nh7 16. d3 Rab8 {0-1 (16) Ranaivojaona,R (1881)-Guidici,G (2327) France AJEC 2002}) 11... Bxc3 12. Qxc3 cxd4 13. exd4 e4 14. Nd2 d5 15. Bb2 Bg4 16. f3 exf3 17. Nxf3 Bxf3 18. Bxf3 Re8 19. Rae1 Qd7 20. b4 a6 21. c5 Rxe1 22. Rxe1 Re8 23. Kg2 Rxe1 24. Qxe1 Qf5 25. Qe2 Qb1 26. b5 axb5 27. Qxb5 Nxd4 28. Qxb7 Qc2+ 29. Kh3 Qf5+ 0-1

[Event "22nd OIBM 2018"]
[Site "Gmund am Tegernsee"]
[Date "2018.11.01"]
[Round "6"]
[White "Schleich, Theodor"]
[Black "Jahnz, Fabian"]
[Result "0-1"]
[ECO "D00"]
[WhiteElo "1992"]
[BlackElo "2244"]
[Annotator "ChessBase"]
[PlyCount "50"]
[EventDate "2018.10.27"]
[EventType "swiss"]
[EventCountry "GER"]
[SourceTitle "playchess.com"]
[Source "ChessBase"]
[SourceQuality "1"]
[TimeControl "40/5400+30:1800+30"]

1. d4 d5 2. Bg5 f6 3. Bd2 Nc6 4. e3 e5 5. Bb5 Bd6 6. c4 dxc4 7. Bxc4 exd4 8. Bxg8 dxe3 9. fxe3 Rxg8 10. Qh5+ Kf8 11. Qxh7 Qe7 12. Nf3 Ne5 13. O-O Nxf3+ 14. Rxf3 Bg4 15. Rf1 Kf7 16. Qc2 Rh8 17. g3 Qe5 18. Be1 Rh5 19. Nc3 Rah8 20. Ne4 Bf5 21. Nxd6+ cxd6 22. Qb3+ Kg6 23. Rf2 Be4 24. Rd2 Rxh2 25. Rxh2 Rxh2 0-1

[Event "22nd OIBM 2018"]
[Site "Gmund am Tegernsee"]
[Date "2018.11.01"]
[Round "6"]
[White "Poelt, Christoph"]
[Black "Bente, Bjoern"]
[Result "1/2-1/2"]
[ECO "E01"]
[WhiteElo "1987"]
[BlackElo "2228"]
[Annotator "NA"]
[PlyCount "54"]
[EventDate "2018.10.27"]
[EventType "swiss"]
[EventCountry "GER"]
[SourceTitle "playchess.com"]
[Source "ChessBase"]
[SourceQuality "1"]
[TimeControl "40/5400+30:1800+30"]

1. d4 Nf6 2. c4 e6 3. g3 d5 4. Bg2 Bb4+ 5. Bd2 Bd6 6. Nf3 O-O 7. O-O c6 8. Qc2 Ne4 9. Bf4 Bxf4 10. gxf4 Nd7 11. e3 b6 12. cxd5 cxd5 13. Nbd2 Nxd2 14. Qxd2 Qe7 15. Rfc1 Nf6 16. Ne5 Bb7 17. Qc2 Rfc8 18. Qa4 Rc7 19. Nd3 a5 20. Rxc7 Qxc7 21. Rc1 Qd8 22. Qb3 Rc8 23. Rxc8 Bxc8 24. Qc2 Bb7 25. Ne5 Qc8 26. Qxc8+ Bxc8 27. Kf1 Ne8 1/2-1/2

[Event "22nd OIBM 2018"]
[Site "Gmund am Tegernsee"]
[Date "2018.11.02"]
[Round "7"]
[White "Meins, Gerlef"]
[Black "Renner, Kai"]
[Result "1/2-1/2"]
[ECO "A06"]
[WhiteElo "2408"]
[BlackElo "2159"]
[Annotator "NA"]
[PlyCount "48"]
[EventDate "2018.10.27"]
[EventType "swiss"]
[EventCountry "GER"]
[SourceTitle "playchess.com"]
[Source "ChessBase"]
[SourceQuality "1"]
[TimeControl "40/5400+30:1800+30"]

1. Nf3 d5 2. g3 Nf6 3. Bg2 e6 4. O-O c5 5. c4 d4 6. e3 Nc6 {[%emt 0:11:02] LiveBook: 298 Games} 7. exd4 cxd4 8. d3 Be7 9. Bg5 O-O 10. a3 a5 11. Nbd2 Nd7 12. Bxe7 Qxe7 13. Qe2 Nc5 14. Ne4 Nxe4 $14 15. Qxe4 Rd8 16. Rfe1 a4 17. Rac1 Ra5 18. Nd2 Re5 19. Qf3 Rxe1+ 20. Rxe1 Bd7 21. Qf4 Be8 22. Nf3 h6 23. h4 Qc5 24. Qd2 b5 1/2-1/2

[Event "22nd OIBM 2018"]
[Site "Gmund am Tegernsee"]
[Date "2018.11.02"]
[Round "7"]
[White "Zude, Arno"]
[Black "Gueci, Tea"]
[Result "1-0"]
[ECO "B80"]
[WhiteElo "2349"]
[BlackElo "2166"]
[Annotator "NA"]
[PlyCount "65"]
[EventDate "2018.10.27"]
[EventType "swiss"]
[EventCountry "GER"]
[SourceTitle "playchess.com"]
[Source "ChessBase"]
[SourceQuality "1"]
[TimeControl "40/5400+30:1800+30"]

1. e4 c5 2. Nf3 e6 3. d4 cxd4 4. Nxd4 Nf6 5. Nc3 d6 6. Be3 Be7 7. f3 O-O 8. Qd2 e5 9. Nb3 Be6 10. O-O-O a5 11. a4 Nc6 12. g4 Nb4 13. g5 {[%emt 0:01:57] B90: Sicilian Najdorf: Unusual White 6th moves, 6 Be3 Ng4 and 6 Be3 e5} Nh5 14. Rg1 f5 {[%emt 0:00:45] [#]} 15. Bh3 $146 ({Predecessor:} 15. h4 Rc8 16. Bb5 Kh8 17. Kb1 fxe4 18. fxe4 d5 19. Qh2 Nf4 20. Rgf1 Bd6 21. Bxf4 exf4 22. exd5 {0-1 (32) Vallejo Pons,F (2696)-Morozevich,A (2750) Novi Sad 2009}) 15... Qc8 16. Kb1 fxe4 17. Bxe6+ Qxe6 18. fxe4 Rac8 19. Nxa5 b5 20. Nd5 Nxc2 21. axb5 Nxe3 22. Qxe3 Rc5 23. Nc6 Bd8 $18 24. Qb3 Nf4 25. Nde7+ Kf7 26. Qxe6+ Kxe6 27. Nf5 Bc7 28. Rc1 Nd3 29. Nxg7+ Kf7 30. Rxc5 Nxc5 31. Nh5 Nxe4 32. Rf1+ Ke8 33. Ng7+ 1-0

[Event "22nd OIBM 2018"]
[Site "Gmund am Tegernsee"]
[Date "2018.11.02"]
[Round "7"]
[White "Singer, Christoph"]
[Black "Popvasilev, Kaloyan"]
[Result "1/2-1/2"]
[ECO "A04"]
[WhiteElo "2344"]
[BlackElo "2080"]
[Annotator "NA"]
[PlyCount "103"]
[EventDate "2018.10.27"]
[EventType "swiss"]
[EventCountry "GER"]
[SourceTitle "playchess.com"]
[Source "ChessBase"]
[SourceQuality "1"]
[TimeControl "40/5400+30:1800+30"]

1. Nf3 c5 2. e3 Nf6 3. d4 e6 4. Be2 b6 5. O-O Bb7 6. b3 {[%emt 0:00:22] A46: 1 d4 Nf6 2 Nf3 e6: Torre, London and Colle Systems} (6. c4 Be7 7. Nc3 d5 8. cxd5 Nxd5 9. Bb5+ Bc6 10. Bxc6+ Nxc6 11. Nxd5 Qxd5 12. dxc5 Qxd1 13. Rxd1 Bxc5 14. Bd2 Ke7 {½-½ (26) Dizdarevic,E (2529)-Dvirnyy,D (2507) Bol 2014}) 6... d5 7. Bb2 Be7 8. dxc5 bxc5 9. c4 O-O 10. Nc3 Na6 $146 ({Predecessor:} 10... Nbd7 11. cxd5 exd5 12. Qc2 Rc8 13. Rfd1 Bd6 {½-½ (71) Omeri,S (2221)-Loiacono,L (2243) Villorba 2018}) 11. Rc1 Rc8 12. Re1 Qa5 13. Qd2 Kh8 14. Red1 Rcd8 15. cxd5 Nxd5 16. Nxd5 Qxd2 17. Rxd2 Rxd5 18. Rxd5 exd5 19. Ba3 Rc8 20. Ne5 f6 21. Bxa6 Bxa6 22. Nd7 d4 23. Nxc5 Bxc5 24. Rxc5 dxe3 25. fxe3 Bb7 26. Rb5 Rc7 27. Bc5 a6 28. Rb6 Kg8 29. b4 a5 30. a3 axb4 31. axb4 Kf7 32. Kf2 Be4 33. g4 Rd7 34. Ke2 Bb7 35. Bd6 Be4 36. Bc5 Bb7 37. Bd4 Be4 38. h4 Rc7 39. Bc5 Rd7 40. Rb8 Ke6 41. Rg8 Kf7 42. Rc8 Kg6 43. Bd4 Rb7 $14 44. Bc5 Rd7 45. Rb8 h5 46. gxh5+ Kxh5 47. Rh8+ Kg4 48. Bd4 Rb7 49. Bc5 Rd7 50. Bd4 Rb7 51. Bc5 Rd7 52. Bd4 1/2-1/2

[Event "22nd OIBM 2018"]
[Site "Gmund am Tegernsee"]
[Date "2018.11.02"]
[Round "7"]
[White "Wacker, Peter"]
[Black "Gohla, Ulf"]
[Result "1/2-1/2"]
[ECO "C73"]
[WhiteElo "2313"]
[BlackElo "2158"]
[Annotator "ChessBase"]
[PlyCount "95"]
[EventDate "2018.10.27"]
[EventType "swiss"]
[EventCountry "GER"]
[SourceTitle "playchess.com"]
[Source "ChessBase"]
[SourceQuality "1"]
[TimeControl "40/5400+30:1800+30"]

1. e4 e5 2. Nf3 Nc6 3. Bb5 a6 4. Ba4 d6 5. Bxc6+ bxc6 6. d4 f6 7. Be3 Ne7 8. Nc3 Bg4 9. h3 Bh5 10. Qe2 Qb8 11. O-O-O Qb7 12. dxe5 fxe5 13. g4 Bf7 14. Ng5 Bg8 15. f4 exf4 16. Bxf4 h6 17. Nf3 g5 18. Be3 Bg7 19. Bd4 Bxd4 20. Rxd4 c5 21. Ra4 a5 22. h4 gxh4 23. Rxh4 Ng6 24. Rh2 Qa6 25. Qe3 O-O-O 26. Rh1 Be6 27. Rg1 Rde8 28. Qd3 Kb7 29. Ra3 Bc4 30. Qd2 Ne5 31. Nxe5 Rxe5 32. b3 Be6 33. Rh1 Bxg4 34. Rxh6 Rxh6 35. Qxh6 Be6 36. Kb2 Qb6 37. Qd2 Ka6 38. Kc1 Qb4 39. Ra4 Qb6 40. Nd5 Bxd5 41. exd5 Re8 42. a3 Ra8 43. b4 Kb7 44. bxc5 Qxc5 45. Qd3 Qg1+ 46. Kb2 Qb6+ 47. Qb3 Qxb3+ 48. Kxb3 1/2-1/2

[Event "22nd OIBM 2018"]
[Site "Gmund am Tegernsee"]
[Date "2018.11.02"]
[Round "7"]
[White "Rietze, Clemens"]
[Black "Jerie, Sven"]
[Result "1/2-1/2"]
[ECO "A46"]
[WhiteElo "2293"]
[BlackElo "2133"]
[Annotator "NA"]
[PlyCount "39"]
[EventDate "2018.10.27"]
[EventType "swiss"]
[EventCountry "GER"]
[SourceTitle "playchess.com"]
[Source "ChessBase"]
[SourceQuality "1"]
[TimeControl "40/5400+30:1800+30"]

1. d4 Nf6 2. Nf3 e6 3. g3 b5 4. Qd3 b4 5. a3 Ba6 6. Qd1 bxa3 7. Nxa3 Be7 8. Bg2 Bb7 9. O-O O-O 10. c3 c5 11. dxc5 Bxc5 12. b4 Be7 13. Nd4 Bxg2 14. Kxg2 Qc8 15. Bd2 Ne4 16. Qc2 Nxd2 $15 17. Qxd2 Nc6 18. Rfc1 Nxd4 19. Qxd4 a5 20. Qe4 1/2-1/2

[Event "22nd OIBM 2018"]
[Site "Gmund am Tegernsee"]
[Date "2018.11.02"]
[Round "7"]
[White "Imnadze, Nato"]
[Black "Mueller, Frank"]
[Result "1-0"]
[ECO "B47"]
[WhiteElo "2291"]
[BlackElo "2256"]
[Annotator "NA"]
[PlyCount "71"]
[EventDate "2018.10.27"]
[EventType "swiss"]
[EventCountry "GER"]
[SourceTitle "playchess.com"]
[Source "ChessBase"]
[SourceQuality "1"]
[TimeControl "40/5400+30:1800+30"]

1. e4 c5 2. Nf3 e6 3. d4 cxd4 4. Nxd4 Nc6 5. Nc3 Qc7 6. g3 d6 7. Bg2 Bd7 {[%emt 0:00:12] B47: Sicilian: Taimanov: 5 Nc3 Qc7 6 f4, 6 g3 and 6 Be2} 8. O-O Nf6 9. Re1 Be7 10. Ncb5 Qb8 11. Nxc6 $146 ({Predecessor:} 11. c4 Na5 12. b3 a6 13. Na3 O-O 14. Nac2 b5 15. cxb5 axb5 {1-0 (41) Votava,J (2546)-Novikov,S (2534) Germany 2008}) 11... Bxc6 12. Nd4 Bd7 13. c4 O-O 14. b3 a6 15. Ba3 Re8 16. Rc1 Qa7 17. c5 dxc5 18. e5 Nd5 19. Nf5 exf5 20. Bxd5 Be6 21. Qf3 Rab8 22. Red1 Red8 23. Bxe6 fxe6 24. g4 g6 25. gxf5 gxf5 $17 26. Rd6 Bxd6 27. exd6 b6 28. Bb2 Rb7 29. Kh1 Rg7 30. Bxg7 Kxg7 31. Rg1+ Kf6 32. Qf4 Qa8+ 33. f3 Rg8 34. Rxg8 Qxg8 35. Qh4+ Ke5 36. d7 1-0

[Event "22nd OIBM 2018"]
[Site "Gmund am Tegernsee"]
[Date "2018.11.02"]
[Round "7"]
[White "Bussard, Christian"]
[Black "Kick, Joachim"]
[Result "0-1"]
[ECO "A20"]
[WhiteElo "2283"]
[BlackElo "2070"]
[Annotator "NA"]
[PlyCount "66"]
[EventDate "2018.10.27"]
[EventType "swiss"]
[EventCountry "GER"]
[SourceTitle "playchess.com"]
[Source "ChessBase"]
[SourceQuality "1"]
[TimeControl "40/5400+30:1800+30"]

1. c4 e5 2. g3 Nf6 3. Bg2 c6 4. d3 d5 5. cxd5 cxd5 6. Nc3 Nc6 7. Bd2 $15 Be7 8. Nf3 O-O 9. O-O h6 10. a3 Bf5 11. b4 e4 12. Ne1 Rc8 13. Na4 b6 14. Nb2 Qd7 15. Bf4 Rfd8 16. Nc2 b5 17. f3 exf3 18. Bxf3 d4 19. Ne1 Nd5 20. Bxd5 Qxd5 21. Nf3 Bh3 22. Rf2 g5 23. Bd2 Ne5 24. Nxe5 Qxe5 25. a4 a6 26. axb5 axb5 27. Ra5 Qb8 28. Qb1 Bd6 29. Nd1 Rc6 30. Qa2 Be6 31. Qa1 Be5 32. Rf3 Rc2 33. Ra2 Rxa2 0-1

[Event "22nd OIBM 2018"]
[Site "Gmund am Tegernsee"]
[Date "2018.11.02"]
[Round "7"]
[White "Maier, Alexander"]
[Black "Billio, Atto"]
[Result "1-0"]
[ECO "B21"]
[WhiteElo "2275"]
[BlackElo "2074"]
[Annotator "NA"]
[PlyCount "101"]
[EventDate "2018.10.27"]
[EventType "swiss"]
[EventCountry "GER"]
[SourceTitle "playchess.com"]
[Source "ChessBase"]
[SourceQuality "1"]
[TimeControl "40/5400+30:1800+30"]

1. e4 c5 2. d4 cxd4 3. c3 Nf6 4. e5 Nd5 5. Nf3 e6 6. cxd4 d6 7. a3 dxe5 {[%emt 0:05:50] B22: Sicilian: 2 c3} (7... Be7 8. Bd3 O-O 9. O-O b6 10. Qc2 g6 11. Bh6 Re8 12. Nbd2 Ba6 13. Bxa6 Nxa6 14. Ne4 dxe5 15. Nxe5 Rc8 {1-0 (51) Wang,H (2709)-Harikrishna,P (2744) Huaian 2017}) 8. dxe5 b6 9. Bd3 Nd7 10. Qa4 $146 ({Predecessor:} 10. O-O Be7 11. Re1 Bb7 12. Nd4 O-O 13. Qg4 Kh8 14. Nxe6 fxe6 15. Qh5 {0-1 (38) Jedrocha,K (1668)-Wozniak,M (1982) Szczyrk 2013}) 10... Bb7 11. O-O Qc7 12. Re1 a6 13. Bg5 h6 14. Bh4 b5 15. Qg4 g5 16. Bg3 Nc5 17. Bc2 Rc8 18. Nbd2 Be7 19. Qh5 Na4 20. Nd4 Qd7 21. Bxa4 bxa4 22. N2f3 Kf8 23. Rad1 Rc4 24. Nf5 g4 25. Nxh6 Bb4 26. axb4 gxf3 27. Bh4 fxg2 28. Bf6 Rh7 29. Qg5 Nxf6 30. Rxd7 Nxd7 31. Qg8+ Ke7 32. Qxh7 Nxe5 33. Ng8+ Ke8 34. Qh8 Nf3+ 35. Kxg2 Nxe1+ 36. Kg3 Rxb4 37. Nf6+ Ke7 38. Ng8+ Kd7 39. f3 Nxf3 40. Qf6 Rb3 41. Qxf7+ Kd6 42. Qe7+ Ke5 43. Qc7+ Kd4 44. Qd7+ Ke5 ({Black should play} 44... Kc5 45. Qxa4 Nd2+ 46. Kf2 Ne4+ 47. Kg1 Rxb2 48. Qa3+ Rb4) 45. Qxa4 Nd4+ {[%emt 0:00:00] [#]} 46. Kg4 $1 Rxb2 47. Qa5+ Rb5 48. Qc7+ Ke4 49. Qc3 Rb3 $2 (49... Ke5 $16 50. h4 Bf3+ 51. Kg5 Rb7) 50. Nf6+ Ke5 $18 51. Nd7+ 1-0